[Event "*** MasterClass Titled Tuesday Blitz"]
[Site "Chess.com"]
[Date "2017.12.12"]
[Round "2"]
[White "RobertoJBM"]
[Black "chidori_boruto"]
[Result "1-0"]
[WhiteElo "2617"]
[BlackElo "2515"]
[TimeControl "180+2"]
[EndTime "13:24:41 PST"]
[Termination "RobertoJBM won on time"]

1. d4 Nf6 2. Nf3 e6 3. c4 b6 4.
g3 Ba6 5. Qa4 Bb7 6. Bg2 c5 7.
dxc5 Bxc5 8. O-O O-O 9. Nc3 d5 10. Ne5 Qe7 11. Bg5 dxc4 12. Bxb7 Qxb7 13. Bxf6 gxf6 14. Nxc4 Nc6 15. e3 Rfd8 16. Rad1 a6 17. Nd2 Ne5 18. Qe4 Qxe4 19. Ndxe4 Be7 20. Rxd8+ Rxd8 21. Rd1 Rxd1+ 22. Nxd1 f5 23. Nd2 Bb4 24. Nb3 Kf8 25. Kf1 Ke7 26. Ke2 a5 27. Nd4 Bc5 28. Nb5 Kd7 29. f4 Ng4 30. h3 Nf6 31. Nbc3 Kc6 32. a4 Bb4 33. Kd3 Nd7 34. Kc4 Nf6 35. Kd3 Nd7 36. Kc4 Nf6 37. Nb5 Bc5 38.
Nd4+ Kd6 39. Nc3 Kd7 40. Kd3 Kd6 41. b3 Bb4 42. Ncb5+ Kc5 43. Nf3 Ne4 44. Ng5 Nxg5 45. fxg5 Kd5 46. Nc7+ Kd6 47. Ne8+ Ke7 48. Nf6 Bd6 49.
g4 fxg4 50. hxg4 Be5 51. Nxh7 Bg7 52. Kc4 Kd6 53. Kb5 Kc7 54. e4 Kb7 55. Nf6 Bf8 56.
Nd7 Be7 57. g6 fxg6 58. Nxb6 Bd8 59. Nc4 Kc7 60. Nxa5 Kd7 61. Nc4 Kc7 62. e5 Kb7 63. a5 Ka7 64. a6 Bc7 65. Na5 Ka8 66. Nc6 g5 67. Kc5 Bb6+ 68. Kd6 Be3 69. Kxe6 Bf4 70.
Kf5 Be3 71. e6 Bc5 72. Kxg5 1-0

[Event "*** MasterClass Titled Tuesday Blitz"]
[Site "Chess.com"]
[Date "2017.12.12"]
[Round "2"]
[White "HarutyunianTigranK"]
[Black "Kacparov"]
[Result "1-0"]
[WhiteElo "2611"]
[BlackElo "2596"]
[TimeControl "180+2"]
[EndTime "13:24:43 PST"]
[Termination "HarutyunianTigranK won by resignation"]

1. c4 e6 2. g3 d5 3. Bg2 Nf6 4.
Nf3 dxc4 5. Na3 Bxa3 6. bxa3 O-O 7. Qc2 Nc6 8. Bb2 Re8 9. Ng5 e5 10. Qxc4 Qe7 11. O-O h6 12. Ne4 Nxe4 13. Bxe4 Bd7 14. Rac1 Rab8 15. d3 Qd6 16. a4 Re7 17. Qc3 Nd4 18.
Rfe1 Ree8 19. Qxc7 Qxc7 20. Rxc7 Bxa4 21. Bxd4 exd4 22.
Bxb7 Re5 23. Bf3 a5 24. Rc4 Rb4 25. Rxb4 axb4 26. Rb1 Rb5 27. Kg2 Rb6 28. Bd5 Kf8 29. h4 Ke7 30. Rc1 f5 31. Rc4 Bd1 32. Bf3 g5 33.
hxg5 hxg5 34. g4 fxg4 35. Bxg4 Kf6 36. Rxd4 Bc2 37. Rd8 Bb1 38. Rf8+ Ke5 39. Ra8 Kd4 40. Bf3 Kc3 41. Bd5 Kb2 42. Bb3 Rc6 43. Ra4 Kc3 44. d4 Rd6 45. e3 Be4+ 46. f3 Bb7 47. Ra5 Rf6 48. Bd5 Bxd5 49. Rxd5 Ra6 50. Rc5+ Kd3 51. Rb5 Rxa2+ 52. Kg3 Kc3 53. d5 b3 54.
e4 b2 55. e5 Ra1 56. d6 b1=Q 57. Rxb1 Rxb1 58. d7 Rd1 59. e6 Kc4 60. e7 Rxd7 61.
e8=Q Rd5 62. Kg4 Kc5 63. Qf8+ Kd4 64. Qb4+ Ke3 65. Qe4+ 1-0

[Event "*** MasterClass Titled Tuesday Blitz"]
[Site "Chess.com"]
[Date "2017.12.12"]
[Round "2"]
[White "amaidel"]
[Black "Goala"]
[Result "1/2-1/2"]
[WhiteElo "2483"]
[BlackElo "2286"]
[TimeControl "180+2"]
[EndTime "13:24:54 PST"]
[Termination "Game drawn - insufficient material"]

1. e4 e6 2. d4 d5 3. Nd2 Nf6 4. e5 Nfd7 5. Bd3 c5 6. c3 Nc6 7. Ne2 cxd4 8. cxd4 f6 9. exf6 Nxf6 10. Nf3 Bd6 11. O-O Qc7 12. Bg5 O-O 13. Bh4 Nh5 14. Qc2 h6 15. Bh7+ Kh8 16. Bg6 Rxf3 17. Bxh5 Rf5 18.
Bg4 Bxh2+ 19. Kh1 Bd6 20. Bxf5 exf5 21. f4 Qf7 22. Kg1 Bd7 23. Rad1 Re8 24. Rfe1 Re4 25. Bf2 Bb4 26. Rf1 Qe7 27. Nc3 Bxc3 28. bxc3 Rxf4 29. Rde1 Re4 30. Rxe4 dxe4 31. d5 Ne5 32. Bxa7 Ng4 33. Qe2 Qh4 34. Bb8 e3 35. Qf3 Bb5 36. Bg3 Qf6 37.
Rb1 Ba6 38. d6 e2 39. d7 Qd8 40. Qd5 Nf6 41. Bc7 Qxd7 42. Qxd7 Nxd7 43. Kf2 Nc5 44. Ke3 Ne4 45. Be5 Kg8 46. g4 g6 47. gxf5 gxf5 48. Kf4 Ng5 49. Bf6 Kf7 50. Bxg5 hxg5+ 51. Kxg5 Ke6 52. Kf4 Kd5 53. Rc1 Kc4 54. Ke3 Kd5 55. Rg1 Ke5 56. Kf2 Ke4 57. Rg3 f4 58. Rg7 Kd3 59. Ke1 Kxc3 60. Rf7 Kb2 61. Rxf4 Kxa2 62. Rb4 Ka3 63. Rxb7 Bxb7 64. Kxe2 1/2-1/2

[Event "*** MasterClass Titled Tuesday Blitz"]
[Site "Chess.com"]
[Date "2017.12.12"]
[Round "2"]
[White "ChessWarrior7197"]
[Black "ChainsOfFantasia"]
[Result "1/2-1/2"]
[WhiteElo "2642"]
[BlackElo "2490"]
[TimeControl "180+2"]
[EndTime "13:25:03 PST"]
[Termination "Game drawn - insufficient material"]

1. d4 Nf6 2. c4 e6 3. Nf3 d5 4.
Nc3 Be7 5. Bg5 h6 6. Bh4 O-O 7. e3 b6 8. cxd5 Nxd5 9. Bxe7 Qxe7 10. Nxd5 exd5 11. Bd3 c5 12. O-O Bb7 13. Rc1 Nd7 14.
b3 Rac8 15. Qd2 Rfd8 16. dxc5 Nxc5 17. Nd4 Ne6 18. Bf5 Qf6 19. Nxe6 fxe6 20. Bg4 Rxc1 21. Rxc1 d4 22. exd4 h5 23. Bxh5 Rxd4 24. Qe2 Qg5 25.
f4 Rxf4 26. Rc3 Kh7 27. h3 Bxg2 28. Bg4 Bd5 29. Kh2 Re4 30. Qf2 Qe5+ 31. Qg3 Qxg3+ 32. Kxg3 Re1 33. Rc7 a5 34. Re7 Ra1 35. Bxe6 Bxe6 36. Rxe6 b5 37. Re5 Rxa2 38. Rxb5 Ra3 39. Kg4 a4 40. bxa4 Rxa4+ 41. Kg3 Kh6 42. Rb3 g6 43. Rf3 Rb4 44. Re3 Ra4 45. Kf3 Rb4 46. Kg3 Ra4 47. Rf3 Rb4 48. Rf8 Kh7 49. Rf7+ Kh6 50. Rf3 Rc4 51. Re3 Rc1 52. Rd3 Rg1+ 53. Kf2 Ra1 54. Kg3 Ra2 55. Rb3 Kh5 56. Rb5+ g5 57. Rb3 Rc2 58. Ra3 Rc1 59. Rf3 Rg1+ 60. Kf2 Rh1 61. Kg2 Rc1 62. Rf8 Rc2+ 63. Kg3 Rc3+ 64. Kh2 Kg6 65. Rg8+ Kf5 66. Rf8+ Kg6 67. Rf2 Kh5 68. Rf7 g4 69. hxg4+ Kxg4 70. Rg7+ Kh5 71. Rg2 Rc4 72. Rg3 Rh4+ 73. Kg2 Rg4 74. Kh3 Rxg3+ 75. Kxg3 1/2-1/2

[Event "*** MasterClass Titled Tuesday Blitz"]
[Site "Chess.com"]
[Date "2017.12.12"]
[Round "2"]
[White "mazetofonias"]
[Black "Angry_Serb"]
[Result "1-0"]
[WhiteElo "2472"]
[BlackElo "2434"]
[TimeControl "180+2"]
[EndTime "13:25:11 PST"]
[Termination "mazetofonias won by resignation"]

1. e4 c5 2. Nf3 a6 3. c3 e6 4.
d4 d5 5. exd5 Qxd5 6. Bd3 Nc6 7.
O-O Nf6 8. Re1 cxd4 9. cxd4 Be7 10. Nc3 Qd6 11. Bg5 O-O 12. Qd2 b5 13. Rad1 Nb4 14. Bxf6 Bxf6 15. Ne4 Qe7 16. Nxf6+ gxf6 17. Be4 Ra7 18. a3 f5 19. Bxf5 Nd5 20. Be4 Bb7 21.
Ne5 f6 22. Nd3 Qd6 23. Nc5 Bc8 24. Qd3 Rg7 25. Qf3 Nf4 26. g3 e5 27. b4 exd4 28. Kh1 Nh3 29. Bd5+ Kh8 30. Rxd4 Bg4 31. Qe3 f5 32.
Bg2 f4 33. gxf4 Qh6 34. f3 Bf5 35. Ne6 Re7 36. Rd6 Qf6 37. Qe5 Qxe5 38. Rxe5 Nxf4 39.
Nxf8 Rxe5 40. Kg1 Re2 41. Bf1 Re1 42. Kf2 Ra1 43. Rd8 Kg7 44. Nd7 Ne6 45. Ra8 Ra2+ 46. Kg3 Rxa3 47. Nc5 Nd4 48. Bg2 h5 49. Rxa6 Ne2+ 50.
Kh4 Rxa6 51. Nxa6 Nf4 52. Bf1 Bd3 53. Bxd3 Nxd3 54. Kxh5 Kf6 55. Kg4 Ke5 56. h4 Nf2+ 57. Kg5 Nh3+ 58. Kg4 Nf2+ 59. Kg5 Nh3+ 60. Kg6 Nf4+ 61.
Kh6 Kf5 62. h5 Nd5 63. Kg7 Kg5 64. h6 Ne7 65. f4+ Kxf4 66. h7 Nf5+ 67. Kf6 1-0

[Event "*** MasterClass Titled Tuesday Blitz"]
[Site "Chess.com"]
[Date "2017.12.12"]
[Round "2"]
[White "aspired"]
[Black "GMAkobianSTL"]
[Result "0-1"]
[WhiteElo "2484"]
[BlackElo "2659"]
[TimeControl "180+2"]
[EndTime "13:25:16 PST"]
[Termination "GMAkobianSTL won by resignation"]

1. e4 e6 2. d4 d5 3. exd5 exd5 4.
Bd3 c5 5. c3 Nc6 6. Nf3 Bg4 7.
dxc5 Bxc5 8. O-O Nge7 9. h3 Bh5 10. Nbd2 Bb6 11. Nb3 h6 12. Bf4 O-O 13. Re1 Re8 14. Bc2 Rc8 15. Qd3 Bg6 16. Qd2 Bxc2 17. Qxc2 Qd7 18.
Qd3 Qf5 19. Qxf5 Nxf5 20. Rxe8+ Rxe8 21. Re1 Rxe1+ 22. Nxe1 g5 23. Bc1 f6 24. Kf1 h5 25.
g4 hxg4 26. hxg4 Nd6 27. f4 gxf4 28. Bxf4 Nc4 29. Nd3 N6e5 30. Bxe5 fxe5 31. Ke2 Kf7 32. Nd2 Nxd2 33. Kxd2 Ke6 34. a4 a5 35. Ke2 e4 36.
Nf4+ Ke5 37. Ng6+ Kd6 38. g5 Bd8 39. Nh8 Ke6 40. g6 Kf6 41. Nf7 Bc7 42. Ng5 Kxg6 43. Ne6 Bd6 44. Nd4 Kf6 45. Nb5 Bc5 46. Nc7 Ke5 47. Nb5 Be7 48. Kd2 Bg5+ 49. Ke2 Bc1 50. b3 Bb2 51. Kd2 d4 52. cxd4+ Bxd4 53. Na3 b6 54.
Nc2 Bc5 55. Ke2 Kf4 56. Ne1 e3 57. Kd3 Kg4 58. Ke2 Kf4 59. Kd3 Kg4 60. Ke2 Kf5 61. Kf3 Ke5 62. Nc2 Kd5 63. Nxe3+ Kd4 64. Nd1 Kd3 65. Kf4 Kc2 66. Ne3+ Bxe3+ 67. Kxe3 Kxb3 68. Kd3 Kxa4 0-1

[Event "*** MasterClass Titled Tuesday Blitz"]
[Site "Chess.com"]
[Date "2017.12.12"]
[Round "2"]
[White "PulpanJ"]
[Black "bugsbunny444"]
[Result "0-1"]
[WhiteElo "2454"]
[BlackElo "2450"]
[TimeControl "180+2"]
[EndTime "13:25:28 PST"]
[Termination "bugsbunny444 won by resignation"]

1. d4 e6 2. Nf3 c5 3. g3 cxd4 4.
Nxd4 d5 5. Bg2 Nf6 6. O-O e5 7. Nb3 Be6 8. c4 Nc6 9. Nc3 d4 10. Na4 Bxc4 11. Qc2 Bd5 12. e4 Nb4 13. Qe2 Bc6 14.
Nac5 Qb6 15. Qc4 Bb5 16. Qxb4 Bxf1 17. Qxb6 axb6 18. Bxf1 Bxc5 19. Bb5+ Ke7 20. Bg5 h6 21. Bxf6+ Kxf6 22. Nd2 h5 23. Nc4 h4 24. Kg2 Rh6 25.
a4 hxg3 26. fxg3 Rah8 27. Rf1+ Ke6 28. h4 f6 29. Nd2 g5 30. Bc4+ Ke7 31. Nf3 gxh4 32.
gxh4 Rxh4 33. Nxh4 Rxh4 34. Bd5 Rh8 35. Bxb7 Rg8+ 36. Kf3 Rh8 37. Rg1 Rh3+ 38. Rg3 Rxg3+ 39. Kxg3 Bb4 40. Kf3 d3 41. Ke3 d2 42. Ke2 Ke6 43. b3 Kd6 44. Bc8 Kc5 45. Kd1 Kd4 46.
Bf5 Kd3 47. Bg6 Kc3 48. Bh7 Kxb3 49. Bf5 Kxa4 50. Kc2 Kb5 51. Kd1 Kc4 52. Kc2 Ba5 53. Kd1 Kd3 54. Bg6 b5 55. Be8 Kxe4 56.
Bxb5 Ke3 57. Bd7 e4 58. Be6 Kf3 59. Bd5 f5 60. Be6 f4 61. Bd5 Ke3 62. Bc4 f3 63.
Bd3 Kd4 64. Bf1 e3 65. Bd3 e2+ 66. Bxe2 fxe2+ 67. Kxe2 Kc3 68. Kd1 Bd8 0-1

[Event "*** MasterClass Titled Tuesday Blitz"]
[Site "Chess.com"]
[Date "2017.12.12"]
[Round "2"]
[White "Winehouse83"]
[Black "lukas_111111"]
[Result "1-0"]
[WhiteElo "2435"]
[BlackElo "2451"]
[TimeControl "180+2"]
[EndTime "13:25:30 PST"]
[Termination "Winehouse83 won on time"]

1. d4 Nf6 2. c4 e6 3. Nf3 Bb4+ 4. Nbd2 a5 5. g3 b6 6. Bg2 Bb7 7. O-O O-O 8. Qc2 d5 9. Ne5 Nbd7 10. Ndf3 dxc4 11. Nxc4 Be7 12. Nfe5 Bxg2 13. Kxg2 Nxe5 14. dxe5 Qd5+ 15. f3 Nd7 16. e4 Qc6 17. Be3 b5 18.
Na3 Qxc2+ 19. Nxc2 Nxe5 20. b3 a4 21. Nd4 b4 22. f4 Ng4 23. Bg1 e5 24. Nc6 Bd6 25. h3 Ra6 26. Rac1 axb3 27. axb3 Nf6 28. fxe5 Rxc6 29. Rxc6 Bxe5 30. Rc4 h5 31. Rxb4 Rd8 32.
Rf3 Rd2+ 33. Bf2 Bd6 34. Rc4 Nd7 35. Rf5 Ne5 36. Rd4 Rb2 37. Rxh5 g6 38. Rxe5 Bxe5 39.
Rd3 Kg7 40. Kf3 Kf6 41. g4 Ke6 42. h4 Rb1 43. Bg3 Rf1+ 44. Kg2 Rb1 45. Bf2 Rb2 46. h5 gxh5 47. gxh5 Bf4 48. Rf3 Bg5 49. Kg3 Rb1 50. Rf5 f6 51. Rf3 Ra1 52. Kg4 Rb1 53. Bg3 Ra1 54.
Bxc7 Ra7 55. Bg3 Rd7 56. Rc3 Rd4 57. Rc4 Rd3 58. Rc6+ Kd7 59. Rb6 Rd4 60. Kf5 Rd3 61. Bb8 Rf3+ 62. Kg6 Be3 63. Rb5 Kc6 64. Rd5 Rh3 65.
Kxf6 Bc1 66. Rd6+ Kb7 67. Rd8 1-0

[Event "*** MasterClass Titled Tuesday Blitz"]
[Site "Chess.com"]
[Date "2017.12.12"]
[Round "2"]
[White "tigra"]
[Black "TheBigBoss04"]
[Result "0-1"]
[WhiteElo "2632"]
[BlackElo "2499"]
[TimeControl "180+2"]
[EndTime "13:25:38 PST"]
[Termination "TheBigBoss04 won by checkmate"]

1. e4 g6 2. d4 Bg7 3. Nc3 d6 4. Be2 Nc6 5. Be3 e5 6. Nf3 Bg4 7. d5 Bxf3 8. gxf3 Nd4 9. Bxd4 exd4 10. Nb5 d3 11. Qxd3 Bxb2 12. Rb1 Bg7 13. Qe3 a6 14. Na7 Qb8 15. Nc6 Qc8 16. Na7 Qb8 17. Nc6 Qc8 18.
Na5 Rb8 19. O-O Ne7 20. Nxb7 O-O 21. Na5 Qh3 22. f4 Qd7 23. Nc4 Rfe8 24. Rxb8 Rxb8 25. Kg2 Re8 26. Qf3 Qa4 27. Qb3 Qxb3 28. axb3 Nxd5 29.
Kf3 Nc3 30. Bd3 Nb5 31. Kg2 Nd4 32. Ne3 Ne6 33. Kg3 Nc5 34. Kf3 c6 35. Rb1 Ne6 36. Nc4 d5 37. exd5 cxd5 38. Ne3 Nd4+ 39. Kg2 Rd8 40. Bb5 axb5 41. Rd1 Ne2 42. Kf3 Nc3 43.
Rd3 d4 44. Nf1 f5 45. Ne3 Re8 46. Ng2 Kf7 47. h3 Bf6 48. Rd2 Ne4 49. Rd3 Rc8 50. Ne1 Rc3 51. Rxc3 dxc3 52. Nd3 Bd4 53. Ke2 Ke6 54.
Kf3 Kd5 55. Nb4+ Kd6 56. Nd3 Nc5 57. Nc1 b4 58. Ke2 Kd5 59. Kf3 Ne4 60. Nd3 Nd2+ 61. Ke2 Bc5 62. f3 Nb1 63. Ne1 Na3 64. Kd3 Bf2 65. Ng2 h5 66. Ke2 Bd4 67. Kd3 Bf2 68. Ke2 Bc5 69. Kd3 Nb5 70. Nh4 Nd4 71. Nxg6 Nxf3 72.
Nh8 Ne1+ 73. Ke2 Nxc2 74. Nf7 Nd4+ 75. Kd3 Nxb3 76. Nh6 Nd4 77. h4 c2 78. Kd2 b3 79.
Ng8 Bb4+ 80. Kd3 c1=Q 81. Ne7+ Ke6 82. Nd5 Qc2+ 83. Ke3 Qd2# 0-1

[Event "*** MasterClass Titled Tuesday Blitz"]
[Site "Chess.com"]
[Date "2017.12.12"]
[Round "2"]
[White "maciek_92"]
[Black "JSMastropiero"]
[Result "1-0"]
[WhiteElo "2500"]
[BlackElo "2302"]
[TimeControl "180+2"]
[EndTime "13:25:41 PST"]
[Termination "maciek_92 won by checkmate"]

1. c4 e6 2. Nc3 d5 3. d4 Nf6 4. Bg5 Be7 5. e3 Nbd7 6. cxd5 exd5 7. Bd3 c6 8. Nge2 h6 9. Bh4 Nh5 10. Bg3 Nxg3 11. hxg3 Nf6 12. Qc2 Be6 13. Nf4 Qd7 14. a3 Bd6 15. Nxe6 Qxe6 16. O-O-O g6 17. Kb1 O-O-O 18. Na4 Kb8 19. b4 h5 20. Ka1 Ka8 21. Rb1 Ne4 22. Rb2 g5 23. Rhb1 h4 24. b5 cxb5 25.
Rxb5 Rd7 26. g4 Rc7 27. Qb2 Qe7 28. Rxd5 Bxa3 29. Qa2 Nc3 30. Nxc3 Rxc3 31. Rdb5 b6 32. Be2 Rh6 33. Bf3+ Kb8 34. R5b3 Rxb3 35. Qxb3 h3 36. Qd5 a5 37. Qa8+ Kc7 38. Qb7+ Kd8 39. Qb8+ Kd7 40. gxh3 Rd6 41. Rxb6 Rxb6 42. Qxb6 Bb4 43.
Bc6+ Kc8 44. Qa6+ Kc7 45. e4 Qd6 46. Qb7+ Kd8 47. Bd5 Qf4 48. Qb6+ Ke7 49. Qb7+ Kf8 50. Qc8+ Kg7 51. Qc2 Qh2 52. Bb3 Qxh3 53. Ka2 Qxg4 54. Qd3 Qf4 55. Qe2 Qc1 56. Qc2 Qe1 57. e5 Bc3 58. Bxf7 Kxf7 59. Qh7+ Ke6 60. Qg8+ Kf5 61. Qc8+ Ke4 62. Qg4+ Kd3 63. Qf5+ Kd2 64. Qxg5+ Kc2 65. Qf5+ Kc1 66. Qf4+ Bd2 67. Qf3 Kc2 68. Qb3+ Kc1 69. Qb1# 1-0

[Event "*** MasterClass Titled Tuesday Blitz"]
[Site "Chess.com"]
[Date "2017.12.12"]
[Round "2"]
[White "aa175"]
[Black "leopato"]
[Result "1/2-1/2"]
[WhiteElo "1892"]
[BlackElo "1799"]
[TimeControl "180+2"]
[EndTime "13:25:44 PST"]
[Termination "Game drawn by repetition"]

1. e4 c6 2. d4 d5 3. exd5 cxd5 4. Nf3 Nf6 5. Be2 Nc6 6. O-O Bf5 7. c3 e6 8. Nbd2 Bd6 9. Re1 h6 10. Nf1 O-O 11. h3 Ne4 12. Be3 Bh7 13. N1d2 Rc8 14. Nxe4 Bxe4 15. Nd2 Bh7 16. Nf3 a6 17. a3 b5 18. Bd3 Bxd3 19. Qxd3 Qc7 20. a4 Rb8 21.
axb5 axb5 22. Reb1 b4 23. Nd2 Rfc8 24. Kh1 Ne7 25. Rc1 Nf5 26. c4 dxc4 27. Rxc4 Qb7 28. b3 Qd5 29. Rac1 Rd8 30. Qe4 Be7 31. Qxd5 Rxd5 32.
Rc8+ Rxc8 33. Rxc8+ Kh7 34. Rc7 Kg6 35. g4 Nxe3 36. fxe3 Bg5 37. Nc4 f6 38. Rc6 Kf7 39. Rc7+ Kf8 40. Rc8+ Ke7 41. Rc7+ Rd7 42. Rc6 Ra7 43. Rb6 Ra1+ 44. Kg2 Bh4 45. Rb7+ Kf8 46. Rxb4 f5 47. Rb8+ Ke7 48. Ne5 Ra2+ 49. Kf1 Ra1+ 50.
Ke2 Ra2+ 51. Kd1 Bg5 52. Rb7+ Ke8 53. Rb8+ Ke7 54. Rb7+ Ke8 55. Nc4 Rh2 56. gxf5 exf5 57. Nd6+ Kd8 58. Nf7+ Kc8 59. Nd6+ Kd8 60. Nxf5 Rxh3 61.
Rxg7 Bxe3 62. Nxe3 Rxe3 63. Rg6 Rd3+ 64. Kc2 Rxd4 65.
Rxh6 Kc7 66. Rh3 Rd6 67. Rc3+ Kb6 68. Rc4 Rc6 69. Kc3 Rxc4+ 70. Kxc4 Kc6 71. Kb4 Kb6 72. Ka4 Ka6 73. Kb4 Kb6 74. Kc4 Kc6 75. b4 Kb6 76. b5 Kb7 77. Kd5 Kb6 78. Kc4 Kb7 79.
Kb4 Kb6 80. Kc4 1/2-1/2

[Event "*** MasterClass Titled Tuesday Blitz"]
[Site "Chess.com"]
[Date "2017.12.12"]
[Round "2"]
[White "tteshan"]
[Black "chesstatour"]
[Result "0-1"]
[WhiteElo "2017"]
[BlackElo "1993"]
[TimeControl "180+2"]
[EndTime "13:25:46 PST"]
[Termination "chesstatour won by resignation"]

1. d4 f5 2. c4 Nf6 3. Nc3 g6 4. g3 Bg7 5. Bg2 O-O 6. Nf3 d6 7. Bg5 c6 8. O-O Na6 9. h4 Bd7 10. a3 Rb8 11. Qd3 Qe8 12. Bf4 Rd8 13. Qc2 Nh5 14.
Bg5 h6 15. Bd2 f4 16. Kh2 e5 17. dxe5 dxe5 18. Ng1 Nc5 19. Rad1 Bf5 20. Be4 Nxe4 21.
Nxe4 Kh8 22. Bb4 Rxd1 23. Rxd1 Rg8 24. Nf3 Qe6 25. Nfd2 fxg3+ 26. fxg3 Bf6 27. Qc3 Bxe4 28. Nxe4 Qf5 29. Qf3 Rd8 30. Rxd8+ Bxd8 31. Qxf5 gxf5 32.
Nd2 Bc7 33. Nf3 e4 34. Nd4 Nxg3 35. Kg2 f4 36. Ne6 Be5 37. b3 Nxe2 38. Bf8 Kg8 39. Bxh6 Kf7 40. Ng5+ Kg6 41. Bf8 f3+ 42. Nxf3 exf3+ 43. Kxf3 Nc1 44. b4 Nb3 45. Ke4 Bb2 46. b5 cxb5 47.
cxb5 Kf7 48. Bb4 b6 49. Kf5 Nc5 50. Kf4 Kg6 51. Ke3 Kh5 52. Kd2 Kxh4 53. Kc2 Be5 54. a4 Nb7 55. Kb3 Kg5 56. Bd2+ Kf5 57. Kc4 Ke6 58.
Bb4 Nc5 59. a5 Nd7 60. axb6 Nxb6+ 61. Kb3 Kd5 62. Ba5 Kc5 63. Bb4+ Kxb5 64. Bd2 Bd4 65. Bf4 a5 66. Bd6 a4+ 67. Ka2 Bc5 68. Be5 Nc4 69. Bc3 Bb4 70. Bd4 Bd2 71. Bf6 Na5 72. Bd8 Nc6 73. Bf6 Nb4+ 74. Ka1 Kc4 75. Kb1 Kb3 76. Bg7 Bc3 77. Bxc3 Kxc3 78. Ka1 Kb3 79. Kb1 Nc2 80. Kc1 a3 0-1

[Event "*** MasterClass Titled Tuesday Blitz"]
[Site "Chess.com"]
[Date "2017.12.12"]
[Round "2"]
[White "kereswasbest"]
[Black "lucasmito"]
[Result "1/2-1/2"]
[WhiteElo "2215"]
[BlackElo "2238"]
[TimeControl "180+2"]
[EndTime "13:25:55 PST"]
[Termination "Game drawn - insufficient material"]

1. e4 e5 2. Nf3 Nc6 3. Bb5 f5 4. d3 fxe4 5. dxe4 Nf6 6. Nc3 Bb4 7.
O-O Bxc3 8. bxc3 d6 9. Bc4 Na5 10. Bb3 Nxb3 11. axb3 O-O 12. Qd3 Qe8 13. Bg5 Qg6 14. Bxf6 Rxf6 15. Nd2 Be6 16. Nc4 a6 17. Ne3 Raf8 18. Nd5 Rf3 19. Ne7+ Kf7 20. Nxg6 Rxd3 21. Nxe5+ dxe5 22. cxd3 Rd8 23. f4 Rxd3 24. fxe5+ Ke7 25. Rfc1 Re3 26. b4 Rxe4 27. Re1 Rc4 28. Re3 g6 29. Rae1 c5 30. bxc5 Rxc5 31. Kf2 a5 32. Ra1 Bb3 33.
Ke2 Ke6 34. Kd3 a4 35. Rh3 Rd5+ 36. Ke3 Rxe5+ 37. Kf4 h5 38. Re3 g5+ 39. Kf3 b5 40.
Rxe5+ Kxe5 41. Ke3 Kf5 42. Kd4 Bc4 43. Kc5 Kf4 44.
Kb4 Ke3 45. Re1+ Kf2 46. Re5 Kxg2 47. Rxg5+ Kxh2 48. Rxh5+ Kg3 49. Rf5 Kg4 50. Rf8 Be2 51. Rf2 Bc4 52. Rf8 Be2 53. Rf2 Bc4 54. Rf6 Be2 55.
Ka3 Bc4 56. Rf8 Bd3 57. Kb2 Bc4 58. Rf2 Kg3 59. Rf6 Be2 60. Ka3 Bc4 61. Kb4 Be2 62. Re6 Bc4 63. Re4 Bf1 64. Re1 Bc4 65. Ra1 Be2 66.
Kc5 Kf3 67. Kd4 Bc4 68. Ra3 Ke2 69. Rxa4 bxa4 70. Kxc4 Kd2 71. Kb4 a3 72. Kxa3 Kxc3 1/2-1/2

[Event "*** MasterClass Titled Tuesday Blitz"]
[Site "Chess.com"]
[Date "2017.12.12"]
[Round "2"]
[White "Krasimir_Rusev"]
[Black "jcibarra"]
[Result "1/2-1/2"]
[WhiteElo "2512"]
[BlackElo "2689"]
[TimeControl "180+2"]
[EndTime "13:26:04 PST"]
[Termination "Game drawn - insufficient material"]

1. d4 Nf6 2. Nf3 c5 3. c3 d5 4. Bf4 Nc6 5. e3 e6 6. Nbd2 cxd4 7. cxd4 Bd6 8. Bxd6 Qxd6 9. a3 O-O 10. Bd3 e5 11.
dxe5 Nxe5 12. Be2 Nc6 13. O-O Rd8 14. Nb3 Bg4 15. Rc1 Re8 16. h3 Bh5 17. Nfd4 Bxe2 18. Qxe2 Nxd4 19. Nxd4 a6 20. Rfd1 g6 21. Qd3 Rac8 22.
Ne2 Qe5 23. Qd4 Qxd4 24. Nxd4 Kf8 25. Ne2 Ke7 26. Nc3 Red8 27. Rd4 Ke6 28. Rcd1 Rd7 29. g4 Rc4 30. f3 Rxd4 31. Rxd4 g5 32. Kf2 h5 33.
Kg3 hxg4 34. hxg4 Rc7 35. Rd2 Rc4 36. Ne2 Rxg4+ 37. Kf2 Rc4 38. Nd4+ Ke5 39. Ke2 g4 40. Kd3 gxf3 41. Nxf3+ Kd6 42. Nd4 Ne4 43. Rh2 Nc5+ 44. Kd2 Ne6 45. Rh6 Rc7 46. Nf5+ Ke5 47. Rh5 f6 48. b4 Ng5 49. Nd4 Rh7 50. Rxh7 Nxh7 51.
Kd3 Ng5 52. a4 Ne6 53. Nf3+ Kd6 54. Nh4 Ke5 55. Nf3+ Kf5 56. a5 Kg4 57. Ng1 Kf5 58. Nf3 Kg6 59. Nd4 Kf7 60. Nf5 Nd8 61. Kd4 Ke6 62. Ng7+ Kd6 63. Nf5+ Kc6 64. Ne7+ Kb5 65. Nxd5 Nc6+ 66. Ke4 Kc4 67. Nxf6 Kxb4 68. Kd5 Nxa5 69. e4 Nc4 70. e5 Nxe5 71. Kxe5 Kc4 72. Ne4 b5 73.
Nd6+ Kc3 74. Kd5 b4 75. Kc5 b3 76. Nc4 a5 77. Kb5 a4 78. Na3 Kb2 79. Kxa4 Ka2 80. Kb4 b2 81. Ka4 Ka1 82. Kb3 b1=Q+ 83. Nxb1 1/2-1/2

[Event "*** MasterClass Titled Tuesday Blitz"]
[Site "Chess.com"]
[Date "2017.12.12"]
[Round "2"]
[White "sandromareco"]
[Black "GMHess"]
[Result "0-1"]
[WhiteElo "2648"]
[BlackElo "2586"]
[TimeControl "180+2"]
[EndTime "13:26:05 PST"]
[Termination "GMHess won by resignation"]

1. Nf3 Nf6 2. d4 e6 3. Bf4 b6 4. e3 Bb7 5. h3 Bd6 6. Bxd6 cxd6 7. Be2 O-O 8. O-O Nc6 9. a4 Rc8 10. Nbd2 e5 11. c3 e4 12. Nh2 d5 13. b4 Ne7 14.
Qb3 Nf5 15. a5 Rc7 16. Rfc1 Nd6 17. axb6 axb6 18. Nhf1 Qb8 19. b5 Rfc8 20. Ng3 g6 21. Qb4 Nde8 22. Rc2 h5 23. Rac1 Qa7 24. f3 Qb8 25.
fxe4 dxe4 26. c4 Rxc4 27. Rxc4 Rxc4 28. Bxc4 Qxg3 29. Nf1 Qd6 30. Qxd6 Nxd6 31. Be2 Nd5 32. Kf2 Kf8 33. Nd2 Ke7 34. Nc4 Nxb5 35. Nxb6 Nxb6 36. Bxb5 Kd6 37. Rb1 Kc7 38. Be2 Bd5 39. Rb5 Bc6 40. Rc5 Kd6 41. h4 Nd5 42. g3 Nf6 43. Ke1 Bd5 44. Rc8 Be6 45. Kd2 Nd5 46. Rh8 Ne7 47. Ke1 Nf5 48. Kf2 Ke7 49. Bf1 Kf6 50. Bg2 d5 51. Bf1 Kg7 52. Ra8 Nh6 53. Bb5 Ng4+ 54. Ke2 Nf6 55. Bc6 Kh6 56. Rh8+ Kg7 57. Rd8 Kh6 58.
Bb7 g5 59. Bc8 Bxc8 60. Rxc8 gxh4 61. gxh4 Kg6 62. Rc7 Ng8 63. Rd7 Nf6 64. Re7 Ng8 65. Re5 Nf6 66. Rg5+ Kh6 67. Kd2 Kh7 68. Kc3 Kh6 69.
Kb4 Ng4 70. Kc3 Nxe3 71. Kd2 f6 72. Rg8 Nf5 73. Rd8 Nxd4 74. Rxd5 Nf3+ 75. Ke3 Nxh4 76. Kxe4 Kg6 77. Kf4 Ng2+ 78. Kf3 Nh4+ 79. Ke4 Kh6 80. Rd6 Kg5 81. Rd5+ Kg4 82. Rd1 f5+ 83. Ke3 f4+ 84. Kf2 Nf5 85. Rd8 Nh6 86. Rg8+ Nxg8 0-1

[Event "*** MasterClass Titled Tuesday Blitz"]
[Site "Chess.com"]
[Date "2017.12.12"]
[Round "2"]
[White "Enzy63"]
[Black "r31415"]
[Result "0-1"]
[WhiteElo "2084"]
[BlackElo "2202"]
[TimeControl "180+2"]
[EndTime "13:26:19 PST"]
[Termination "r31415 won on time"]

1. d4 e6 2. Nf3 Nf6 3. g3 b6 4. Bg2 Bb7 5. O-O Be7 6. c4 O-O 7. Nc3 c5 8. d5 exd5 9. cxd5 d6 10. e4 Nbd7 11. h3 Re8 12. Re1 Bf8 13. Bf4 a6 14. a4 Qc7 15. Rc1 Rad8 16. g4 Ne5 17.
Nxe5 dxe5 18. Be3 Rb8 19. Bf1 Rec8 20. Bc4 Ne8 21. b3 Nd6 22. Be2 Re8 23. f3 Ra8 24. Qd2 Bc8 25. Bf1 Qb7 26. Qf2 Bd7 27. Ra1 Rac8 28.
Ra2 f6 29. Rea1 g6 30. Kh1 Nf7 31. h4 f5 32. gxf5 gxf5 33. exf5 Bxf5 34. Ne4 Be7 35.
Bc4 Nd6 36. Nxd6 Bxd6 37. Rg1+ Kh8 38. Bg5 Rf8 39. Qe3 Bg6 40. Rh2 Bh5 41. Rh3 Qd7 42. Rhg3 b5 43. axb5 axb5 44. Bh6 Rg8 45. Rxg8+ Rxg8 46. Rxg8+ Kxg8 47. Qg5+ Bg6 48. Bf1 Qe7 49. Qg4 Kh8 50.
h5 Be8 51. Bg5 Qf7 52. h6 Qh5+ 53. Qxh5 Bxh5 54. Kg2 Be8 55. Bf6+ Kg8 56. Kf2 Kf7 57. Bg5 Kg6 58. Be3 Kh5 59. Bh3 c4 60. bxc4 bxc4 61. Bf5 Bg6 62. Bg4+ Kh4 63. Kg2 e4 64. f4 Be7 65.
Be6 Kh5 66. d6 Bxd6 67. Bxc4 Bf5 68. Bf7+ Kxh6 69. Kg3 Kg7 70. Bh5 Be7 71. Bg4 Kg6 72. Be2 h5 73. Bf1 h4+ 74. Kh2 Bg4 75. Bc4 Kf5 0-1